 Dungeon Crawl Stone Soup version 0.30-a0-782-ge64f9170bb (webtiles) character file.

Game seed: 8592610080698986914

188115 M4edhros the Peltast (level 18, -4/146 HPs)
             Began as an Octopode Artificer on Feb 27, 2023.
             Was the Champion of Zin.
             Slain by a +5 antimagic double sword (24 damage)
             ... on level 2 of the Elven Halls on Feb 28, 2023.
             The game lasted 01:06:04 (47258 turns).

M4edhros the Peltast (Octopode Artificer)          Turns: 47258, Time: 01:06:04

Health: -4/146     AC: 13    Str: 19    XL:     18   Next: 53%
Magic:  17/28      EV: 18    Int: 23    God:    Zin [******]
Gold:   283        SH: 19    Dex: 15    Spells: 4/27 levels left

rFire   + . .      SeeInvis +    a - +2 morningstar
rCold   + + +      Faith    .    Q - +5 kite shield {reflect}
rNeg    + + .      Spirit   .    c - +2 hat
rPois   +          Reflect  +    k - amulet of magic regeneration
rElec   +          Harm     .    j - ring of wizardry
rCorr   +          Rampage  .    n - ring of positive energy
Will    ++...                    u - ring of see invisible
Stlth   ++                       O - ring of flight
HPRegen 0.44/turn                R - ring of resist corrosion
MPRegen 0.61/turn                P - +4 ring of protection
                                 v - +4 ring of protection
                                 Z - ring of Life {rElec rN+ Int+8 SInv Stlth-}

@: about to teleport, resistant, flying
A: almost no armour, amphibious, 8 rings, camouflage 1, gelatinous body 1,
(nimble swimmer 1), tentacles, beak, tentacle spike 2, iridescent scales 1, cold
resistance 2, high MP 1, strong-willed 1, robust 2, screaming 2, electricity
resistance, strong 2, noise suppression
a: Renounce Religion, Recite, Vitalisation, Imprison, Sanctuary, Donate Gold


You were on level 2 of the Elven Halls.
You worshipped Zin.
Zin was exalted by your worship.
You visited 5 branches of the dungeon, and saw 25 of its levels.
You also visited: Ossuary and Volcano.

You collected 2439 gold pieces.
You spent 1725 gold pieces at shops.
You donated 431 gold pieces to Zin.

Inventory:

Hand Weapons
 a - a +2 morningstar (weapon)
Missiles
 e - a throwing net (quivered)
 S - 7 curare-tipped darts
Armour
 c - a +2 hat (worn)
 Q - a +5 kite shield of reflection (worn)
Jewellery
 d - an amulet of reflection
 j - a ring of wizardry (left tentacle)
 k - an amulet of magic regeneration (around mantle)
 n - a ring of positive energy (right tentacle)
 u - a ring of see invisible (on tentacle)
 v - a +4 ring of protection (on tentacle)
 O - a ring of flight (on tentacle)
 P - a +4 ring of protection (on tentacle)
 R - a ring of resist corrosion (on tentacle)
 Z - the ring of Life (on tentacle) {rElec rN+ Int+8 SInv Stlth-}
   (You bought it in a shop on level 1 of the Orcish Mines)

   [ring of see invisible]

   Int:       It affects your intelligence (+8).
   rElec:     It insulates you from electricity.
   rN:        It protects you from negative energy.
   SInv:      It lets you see invisible.
   Stlth:     It makes you less stealthy.
Wands
 b - a wand of mindburst (6)
 p - a wand of iceblast (25)
 C - a wand of flame (22)
 N - a wand of polymorph (9)
 W - a wand of paralysis (3)
 Y - a wand of light (8)
Scrolls
 f - a scroll of fear
 g - 2 scrolls of fog
 i - 6 scrolls of vulnerability
 m - 2 scrolls of butterflies
 o - a scroll of poison
 q - 2 scrolls of brand weapon
 r - 4 scrolls of magic mapping
 x - 6 scrolls of teleportation
 y - 2 scrolls of immolation
 A - a scroll of silence
 B - 7 scrolls of amnesia
 K - a scroll of enchant armour
 V - 3 scrolls of torment
 X - 5 scrolls of identify
Potions
 h - a potion of haste
 l - 8 potions of flight
 s - 3 potions of might
 t - 7 potions of curing
 z - 4 potions of invisibility
 D - 5 potions of degeneration
 E - a potion of magic
 F - 4 potions of brilliance
 I - 3 potions of mutation
 J - 2 potions of resistance
 M - a potion of berserk rage
 T - 2 potions of cancellation
Miscellaneous
 L - a lightning rod (4/4)
 U - a lightning rod (4/4)


   Skills:
 + Level 10.6 Fighting
 * Level 9.7 Maces & Flails
 + Level 10.8 Dodging
 - Level 1.3 Stealth
 - Level 16.3 Shields
 - Level 5.0 Spellcasting
 - Level 6.0 Conjurations
 * Level 11.0 Summonings
 - Level 12.0 Ice Magic
 - Level 9.0 Air Magic
 - Level 3.2 Evocations


You had 4 spell levels left.
You knew the following spells:

 Your Spells              Type           Power      Damage    Failure   Level
a - Freezing Cloud        Conj/Ice/Air   23%        6-21      4%          5
b - Frozen Ramparts       Ice            100%       1d16      1%          3
c - Summon Ice Beast      Ice/Summ       56%        N/A       1%          4
d - Summon Hydra          Summ           27%        N/A       47%         7
e - Summon Lightning Spi  Summ/Air       51%        N/A       1%          4

Your spell library contained the following spells:

 Spells                   Type           Power      Damage    Failure   Level
 Magic Dart               Conj           100%       1d8       1%          1
 Shock                    Conj/Air       100%       1d9       1%          1
 Call Imp                 Summ           54%        N/A       1%          2
 Ensorcelled Hibernation  Hex/Ice        66%        N/A       1%          2
 Searing Ray              Conj           66%        2d6       1%          2
 Swiftness                Air            47%        N/A       1%          3
 Ice Form                 Ice/Tmut       33%        N/A       5%          4
 Necrotise                Necr           20%        1d5       6%          1
 Dazzling Flash           Conj/Hex       38%        N/A       6%          3
 Kindle Blastsparks       Fire/Tloc/Air  38%        2d13      6%          3
 Passwall                 Tmut/Erth      4%         N/A       10%         2
 Sublimation of Blood     Necr           5%         N/A       10%         2
 Wereblood                Tmut           5%         N/A       10%         2
 Fulminant Prism          Conj/Hex       9%         3d6       17%         4
 Sticky Flame             Conj/Fire      19%        2d4       17%         4
 Ignite Poison            Fire/Tmut/Pois 5%         N/A       19%         3
 Vampiric Draining        Necr           5%         2d6       19%         3
 Animate Dead             Necr           5%         N/A       50%         4
 Manifold Assault         Tloc           5%         N/A       50%         4
 Arcjolt                  Conj/Air       20%        1d30      9%          5
 Silence                  Hex/Air        13%        N/A       26%         5
 Agony                    Necr           5%         N/A       83%         5
 Borgnjor's Vile Clutch   Necr/Erth      2%         N/A       83%         5
 Death Channel            Necr           2%         N/A       100%        6
 Dispersal                Tloc           2%         N/A       100%        6
 Disjunction              Tloc           2%         N/A       100%        8
 Ignition                 Fire           2%         3d3       100%        8


Dungeon Overview and Level Annotations

Branches:
Dungeon (15/15)            Temple (1/1) D:6            Lair (5/5) D:9
  Swamp (0/4) Lair:3       Spider (0/4) Lair:3        Slime (0/5) Lair:4
    Orc (2/2) D:9             Elf (2/3) Orc:2        Vaults (0/5) D:14
Ossuary (visited)         Volcano (visited)
 Depths: D:15

Altars:
Ashenzari
Cheibriados
Dithmenos
Elyvilon
Fedhas
Gozag
Hepliaklqana
Kikubaaqudgha
Makhleb
Nemelex Xobeh
Okawaru
Qazlal
Ru
Sif Muna
Trog
Uskayaw
Vehumet
Wu Jian
Xom
Yredelemnul
Zin
The Shining One
Jiyva
Lugonu

Shops:
D:2 ?   D:3 (   D:6 *   D:12 [   Orc:1 =   Orc:2 (:!*   Elf:1 **

Portals:
Pandemonium: Orc:2
Trove: Elf:1 (give horn of Geryon)


Innate Abilities, Weirdness & Mutations

You cannot wear most types of armour.
You are amphibious.
You can wear up to eight rings at the same time.
Your skin changes colour to match your surroundings (Stealth+).
Your rubbery body absorbs attacks. (AC +1, EV +1)
((You are camouflaged when in or above water. (Stealth+)))
You have tentacles for arms and can constrict up to eight enemies at once.
You have a beak for a mouth.
One of your tentacles bears a nasty spike.
You are partially covered in iridescent scales. (AC +2)
Your flesh is very cold resistant. (rC++)
You have an increased reservoir of magic. (+10% MP)
You are strong-willed. (Will+)
You are very robust. (+20% HP)
You frequently scream uncontrollably at your foes.
You are resistant to electric shocks. (rElec)
Your muscles are very strong. (Str +8, Int/Dex -2)
You passively dampen the noise of your surroundings.


Message History

Your lightning spire resists.
Your lightning spire is destroyed!
Your lightning spire disappears in a puff of smoke!
The deep elf pyromancer shouts!
Unknown command.
Unknown command.
Okay, then.
Okay, then.
Unknown command.
Aiming: Imprison (54% risk of failure)
Press: ? - help, Dir - move target, f - you That would be overly suicidal.
Okay, then.
Okay, then.
Okay, then.
Okay, then.
As you read the scroll of teleportation, it crumbles to dust.
You feel strangely unstable.
The +0 halberd of flaming is engulfed in freezing vapours.
The deep elf pyromancer mumbles some strange words.
The deep elf pyromancer blinks!
You feel better.
The +0 halberd of flaming hits you from afar!
* * * LOW HITPOINT WARNING * * *
The +0 halberd of flaming burns you.
* * * LOW HITPOINT WARNING * * *
The fire elemental barely misses you.
The +0 halberd of flaming hits you from afar.
* * * LOW HITPOINT WARNING * * *
You block the fire elemental's attack.
You feel better.
Your surroundings suddenly seem different.
A +5 antimagic double sword, a +6 battleaxe of venom, a +1 heavy war axe and a +3 vampiric scimitar come into view.
You scream at the +5 antimagic double sword!
The +5 antimagic double sword misses you.
As you read the scroll of teleportation, it crumbles to dust.
You feel strangely unstable.
You block the +5 antimagic double sword's attack.
The +5 antimagic double sword hits you!!
You die...

### #### ##.##
##.(.## ##.#.#
#@.(..# ##.##.#
#.(.......
#.##.###..........
##.##.##.....(....
##.#.##..........
##.####.........
#.# ##........ #.#
#........ ######>#


You could see 4 dancing weapons.

Vanquished Creatures
  2 deep elf sorcerers
  Azrael (Elf:1)
  Josephine (D:12)
  2 rakshasas
  2 vault guards (D:14)
  4 hydras
  3 demonspawn (Orc:2)
  3 centaur warriors
  2 ogre magi (D:15)
  A boulder beetle (D:11)
  6 dancing weapons
  11 two-headed ogres
  16 death yaks
  4 orc high priests
  6 deep elf knights
  2 sun demons
  4 deep elf archers
  A wizard (D:15)
  5 orc knights
  A lindwurm (Lair:5)
  24 deep elf pyromancers
  14 deep elf zephyrmancers
  9 orc sorcerers
  A moth of wrath (shapeshifter) (D:14)
  A wolf spider (Lair:5)
  2 ugly things
  A salamander (shapeshifter) (D:14)
  A manticore (D:11)
  4 cyclopes
  9 elephants
  A guardian serpent (Lair:5)
  6 black mambas
  An orange demon (Orc:2)
  A gargoyle (D:11)
  19 cane toads
  A torpor snail (Lair:4)
  Psyche (D:9)
  2 ice devils
  A kobold demonologist (D:10)
  5 komodo dragons
  2 rime drakes (Lair:5)
  2 red devils
  4 polar bears
  8 trolls
  5 meliai
  4 hornets
  Grinder (D:4)
  19 blink frogs
  A slime creature (D:15)
  9 dream sheep (Lair:5)
  A jumping spider (D:14)
  4 water elementals
  3 wraiths
  A shadow (D:12)
  35 yaks
  12 wyverns (Lair:5)
  8 humans (D:14)
  10 fire elementals
  A hog (D:9)
  A neqoxec (Orc:2)
  6 vampire mosquitoes
  6 basilisks
  2 redbacks (Lair:5)
  3 wargs
  2 swamp worms (Lair:3)
  11 hell hounds
  3 acid dragons
  19 water moccasins
  30 orc warriors
  A sky beast (D:7)
  4 black bears
  2 ice beasts
  7 ogres
  9 wolves
  9 centaurs
  3 kobold brigands
  A lemure (D:7)
  2 nameless horrors
  4 elf zombies (Ossuary)
  2 gnoll sergeants
  13 bullfrogs
  5 scorpions
  3 wights (D:9)
  11 killer bees
  2 howler monkeys
  2 electric eels
  4 crimson imps (D:14)
  2 hounds
  19 orc priests
  A human zombie (Ossuary)
  3 jellies
  3 iguanas
  3 iron imps (D:9)
  5 orc wizards
  3 hell rats (Lair:5)
  2 mummies (Ossuary)
  Robin (D:3)
  5 adders
  14 gnolls
  6 white imps
  An adder zombie (Ossuary)
  3 worms (D:2)
  2 dart slugs
  47 orcs
  4 ball pythons
  6 bats
  5 endoplasms
  4 giant cockroaches
  17 goblins
  13 hobgoblins
  5 jackals
  21 kobolds
  5 quokkas
  5 frilled lizards
  2 goblin zombies (Ossuary)
  14 hobgoblin zombies (Ossuary)
  4 kobold zombies (Ossuary)
  8 orc zombies (Ossuary)
  5 rats
  3 rat zombies (Ossuary)
719 creatures vanquished.

Vanquished Creatures (collateral kills)
  Gastronok (D:8)
  2 deep elf pyromancers
  A cyclops (D:12)
  An orange demon (Orc:2)
  2 black mambas (Lair:5)
  3 trolls
  A blink frog (Lair:1)
  2 dream sheep (Lair:5)
  A wyvern (Lair:5)
  A wraith (D:12)
  7 yaks
  A black bear (D:5)
  An ogre (D:15)
  2 bullfrogs
  An iguana (D:5)
  An orc wizard (D:5)
  A hell rat (Lair:5)
  An orc (D:5)
  A kobold (D:10)
31 creatures vanquished.

Vanquished Creatures (others)
  Nessos (D:12)
  2 vault guards (D:14)
  A dancing weapon (D:13)
  A deep elf zephyrmancer (Elf:1)
  Maurice (D:13)
  A yak (D:8)
  A kobold brigand (D:10)
  An orc priest (D:5)
  An ufetubus (D:5)
  An orc (Elf:1)
  A kobold (D:3)
  46 fungi
  40 plants
98 creatures vanquished.

Grand Total: 848 creatures vanquished

Notes
Turn   | Place    | Note
-------+----------+-------------------------------------------
     0 | D:1      | M4edhros the Octopode Artificer began the quest for the
                  | Orb.
     0 | D:1      | Reached XP level 1. HP: 13/13 MP: 1/1
   148 | D:2      | Reached XP level 2. HP: 8/18 MP: 2/2
   413 | D:4      | Noticed Grinder
   419 | D:4      | Killed Grinder
   420 | D:4      | Reached XP level 3. HP: 15/27 MP: 3/3
   420 | D:4      | Reached XP level 4. HP: 19/33 MP: 4/4
   420 | D:4      | Reached XP level 5. HP: 21/37 MP: 5/5
   547 | D:4      | Reached XP level 6. HP: 24/43 MP: 6/6
   568 | D:4      | Found a shadowy altar of Dithmenos.
   639 | D:4      | Reached skill level 5 in Dodging
   692 | D:5      | Entered Level 5 of the Dungeon
   862 | D:5      | HP: 1/45 [orc/+0 club (3)]
   864 | D:5      | Reached XP level 7. HP: 1/49 MP: 7/7
   869 | D:5      | Found an iron altar of Okawaru.
   878 | D:5      | Reached skill level 5 in Fighting
  1123 | D:5      | Found a white marble altar of Elyvilon.
  1139 | D:5      | Found a hide-covered altar of Uskayaw.
  1444 | D:5      | Found a blossoming altar of Fedhas.
  1489 | D:5      | Found a sacrificial altar of Ru.
  1607 | D:6      | Learned a level 5 spell: Freezing Cloud
  1685 | D:6      | Found a staircase to the Ecumenical Temple.
  1690 | Temple   | Entered the Ecumenical Temple
  1721 | Temple   | Became a worshipper of Xom the Begetter of Turbulence
  1746 | D:6      | Reached XP level 8. HP: 43/57 MP: 8/8
  1774 | D:6      | XOM: divination: detect items
  1783 | D:6      | Found an ornate altar of the Wu Jian Council.
  1848 | D:6      | Found Nofairea's Gadget Gallery.
  1857 | D:6      | Bought a wand of iceblast (6) for 158 gold pieces
  2019 | D:6      | Reached skill level 1 in Conjurations
  2019 | D:6      | Reached skill level 1 in Ice Magic
  2019 | D:6      | Reached skill level 1 in Air Magic
  2057 | D:6      | XOM: cloud trail
  2570 | D:6      | XOM: potion effect (brilliance)
  2828 | D:6      | Identified the +6 trident of Action {drain, Will+}
  3081 | D:5      | a butterfly changed into a shapeshifter
  3081 | D:5      | Noticed a shapeshifter (shapeshifter)
  3081 | D:5      | XOM: polymorph butterfly -> shapeshifter
  3081 | D:5      | a shapeshifter changed into a human
  3148 | D:3      | XOM: noise
  3258 | D:1      | XOM: divination: magic mapping
  3576 | D:1      | Found a faded altar of an unknown god.
  3589 | D:1      | XOM: smoke on damage
  3649 | D:1      | XOM: divination: magic mapping
  3668 | D:1      | XOM is BORED!
  3668 | D:1      | XOM: give mutations
  3668 | D:1      | Gained mutation: You are dopey. (Int -2) [Xom's mischief]
  3668 | D:1      | Gained mutation: You are weak. (Str -2) [Xom's mischief]
  3668 | D:1      | Gained mutation: You occasionally lose the ability to drink
                  | potions when taking damage. [Xom's mischief]
  3668 | D:1      | Gained mutation: You are very weak. (Str -4) [Xom's
                  | mischief]
  4148 | D:2      | XOM: give mutation
  4148 | D:2      | Gained mutation: You are very dopey. (Int -4) [Xom's
                  | mischief]
  4352 | D:2      | Found The Oracle's Delphic Readings.
  4645 | D:3      | Found a glowing golden altar of the Shining One.
  4655 | D:3      | Found Lihareo's Weapon Boutique.
  4778 | D:3      | Found a basalt altar of Yredelemnul.
  4780 | D:3      | Noticed a profane servitor
  4786 | D:3      | XOM: cloud trail
  4927 | D:3      | Noticed Robin
  4950 | D:3      | Killed Robin
  5129 | D:3      | Noticed an angel
  5378 | D:4      | XOM: draining
  5775 | D:7      | XOM: fog
  5826 | D:7      | XOM: polymorph white imp -> lemure
  5902 | D:7      | XOM: 1-stop teleportation journey
  5933 | D:7      | XOM: smoke on damage
  5935 | D:7      | Reached XP level 9. HP: 46/62 MP: 9/9
  6035 | D:7      | Found a sparkling altar of Nemelex Xobeh.
  6067 | D:7      | XOM: god gift: 5 stones
  6316 | D:6      | XOM: god gift: staff of conjuration
  6728 | D:6      | XOM: give mutations
  6728 | D:6      | Gained mutation: You are robust. (+10% HP) [Xom's grace]
  6728 | D:6      | Gained mutation: You expend magic power (3 MP) to
                  | strengthen your wands. [Xom's grace]
  6953 | D:6      | XOM: give mutations
  6953 | D:6      | Lost mutation: You expend magic power (3 MP) to strengthen
                  | your wands. [Xom's mischief]
  6953 | D:6      | Lost mutation: You are very weak. (Str -4) [Xom's mischief]
  6953 | D:6      | Gained mutation: You sometimes lose the ability to drink
                  | potions when taking damage. [Xom's mischief]
  7040 | D:6      | XOM: summons 5 hostile demons
  7102 | D:7      | Found an opulent altar of Gozag.
  7337 | D:7      | Noticed a two-headed ogre
  7345 | D:7      | Killed a two-headed ogre
  7544 | D:7      | Found a bloodstained altar of Trog.
  7691 | D:8      | Reached skill level 5 in Air Magic
  7708 | D:8      | Noticed Gastronok
  7724 | D:8      | Found a sand-covered staircase.
  7734 | Ossuary  | Entered an ossuary
  7934 | Ossuary  | XOM: scenery: create altars
  7987 | Ossuary  | Reached XP level 10. HP: 60/74 MP: 10/10
  8037 | Ossuary  | XOM: silly message
  8203 | D:8      | Killed Gastronok
  8204 | D:8      | Reached skill level 2 in Shields
  8423 | D:8      | Noticed a two-headed ogre
  8429 | D:8      | Killed a two-headed ogre
  8430 | D:8      | Reached skill level 3 in Shields
  8496 | D:8      | XOM: 10-stop teleportation journey
  8500 | D:8      | XOM: give mutation
  8500 | D:8      | Lost mutation: You are weak. (Str -2) [Xom's mischief]
  8534 | D:8      | XOM: 2-stop teleportation journey
  8801 | D:9      | Noticed a centaur warrior
  8803 | D:9      | Noticed a seven-headed hydra
  8826 | D:9      | HP: 2/74 [centaur warrior/arrow (23)]
  8827 | D:9      | Killed a centaur warrior
  8828 | D:9      | Reached skill level 10 in Ice Magic
  8835 | D:9      | XOM: give mutations
  8835 | D:9      | Lost mutation: You sometimes lose the ability to drink
                  | potions when taking damage. [Xom's mischief]
  8835 | D:9      | Gained mutation: Your body sometimes deteriorates upon
                  | taking damage. [Xom's mischief]
  8840 | D:9      | Reached skill level 4 in Shields
  9054 | D:9      | XOM: confusion
  9057 | D:9      | XOM: confusion (+ monsters)
  9082 | D:8      | Reached XP level 11. HP: 65/79 MP: 11/11
  9526 | D:9      | You fall into a shaft and drop 3 floors!
  9705 | D:11     | Noticed a manticore
  9740 | D:11     | Learned a level 3 spell: Frozen Ramparts
  9798 | D:10     | Entered Level 10 of the Dungeon
  9800 | D:10     | XOM: summons 2 friendly demons
  9862 | D:9      | XOM: polymorph troll -> hog
  9866 | D:9      | Found a staircase to the Lair.
 10099 | D:9      | XOM: 2-stop teleportation journey
 10105 | D:9      | XOM: smoke on damage
 10106 | D:9      | XOM: cast spell 'Metabolic Englaciation'
 10110 | D:9      | Reached skill level 1 in Spellcasting
 10324 | D:9      | XOM is BORED!
 10324 | D:9      | XOM: noise
 10331 | D:9      | Noticed Psyche
 10336 | D:9      | Killed Psyche
 10531 | D:9      | XOM: silly message
 10546 | D:9      | XOM: silly message
 10553 | D:9      | Found a burning altar of Makhleb.
 10556 | D:9      | XOM: cast spell 'Alistair's Intoxication'
 10593 | D:9      | XOM: 6-stop teleportation journey
 10600 | D:9      | XOM: divination: detect items
 10605 | D:9      | Killed a seven-headed hydra
 10636 | D:9      | XOM: 4-stop teleportation journey
 10708 | D:9      | XOM: noise
 10719 | D:9      | Reached skill level 5 in Shields
 10764 | D:9      | Found a staircase to the Orcish Mines.
 10789 | D:9      | XOM: cast spell 'Olgreb's Toxic Radiance'
 11035 | D:9      | XOM: silly message
 11062 | D:9      | XOM: silly message
 11208 | D:9      | XOM: silly message
 11290 | D:10     | Learned a level 4 spell: Summon Ice Beast
 11290 | D:10     | Found a shimmering blue altar of Sif Muna.
 11344 | D:10     | Found a stormy altar of Qazlal.
 11425 | D:9      | XOM: scenery: 1 doors close
 11507 | D:9      | XOM: noise
 11602 | D:9      | XOM: give mutation
 11602 | D:9      | Lost mutation: You occasionally lose the ability to drink
                  | potions when taking damage. [Xom's mischief]
 12299 | D:9      | XOM: scenery: 1 doors close
 12468 | D:9      | XOM: god gift: pair of gloves {god gift}
 12475 | D:9      | XOM: god gift: ring of flight
 12623 | D:9      | XOM: give mutations
 12623 | D:9      | Gained mutation: You are partially covered in iridescent
                  | scales. (AC +2) [Xom's mischief]
 12623 | D:9      | Lost mutation: Your body sometimes deteriorates upon taking
                  | damage. [Xom's mischief]
 12623 | D:9      | Lost mutation: You are partially covered in iridescent
                  | scales. (AC +2) [Xom's mischief]
 12623 | D:9      | Gained mutation: You occasionally shout uncontrollably at
                  | your foes. [Xom's mischief]
 13064 | D:9      | XOM: divination: magic mapping
 13397 | D:9      | XOM: god gift: trident {god gift}
 13923 | D:9      | XOM: cloud trail
 14583 | D:9      | XOM: cloud trail
 15845 | D:9      | XOM: divination: detect creatures
 16185 | D:9      | XOM: divination: detect items
 16512 | D:9      | XOM is BORED!
 16626 | D:9      | XOM: silly message
 16845 | D:9      | XOM: silly message
 17003 | D:9      | XOM: noise
 17319 | D:9      | XOM: silly message
 18847 | D:9      | XOM: noise
 18874 | D:9      | XOM: divination: detect items
 19097 | D:9      | XOM: god gift: +1 kite shield of reflection
 19167 | D:9      | XOM: summons 1 hostile shadow creature
 19198 | D:9      | XOM: silly message
 19651 | D:9      | XOM: scenery: 1 doors open
 20386 | D:9      | XOM: noise
 20508 | D:9      | XOM: cloud trail
 20680 | D:9      | XOM: give mutations
 20680 | D:9      | Gained mutation: Your flesh is cold resistant. (rC+) [Xom's
                  | grace]
 20680 | D:9      | Gained mutation: You have hidden genetic potential. [Xom's
                  | grace]
 20680 | D:9      | Gained mutation: You are partially covered in iridescent
                  | scales. (AC +2) [Xom's grace]
 20729 | D:9      | XOM: scenery: 1 doors close
 21059 | D:9      | XOM is BORED!
 21059 | D:9      | XOM: give mutations
 21059 | D:9      | Gained mutation: Your body sometimes deteriorates upon
                  | taking damage. [Xom's mischief]
 21059 | D:9      | Gained mutation: You occasionally lose the ability to read
                  | scrolls when taking damage. [Xom's mischief]
 21447 | D:9      | XOM: give mutation
 21447 | D:9      | Lost mutation: You occasionally lose the ability to read
                  | scrolls when taking damage. [Xom's mischief]
 23004 | D:9      | XOM: give mutations
 23004 | D:9      | Gained mutation: You have an increased reservoir of magic.
                  | (+10% MP) [Xom's grace]
 23004 | D:9      | Gained mutation: You are agile. (Dex +4, Str/Int -1) [Xom's
                  | grace]
 23004 | D:9      | Gained mutation: Your system is resistant to poisons.
                  | (rPois) [Xom's grace]
 23004 | D:9      | Gained mutation: Your muscles are strong. (Str +4, Int/Dex
                  | -1) [Xom's grace]
 23324 | D:9      | XOM: god gift: ruby ring {god gift}
 24082 | D:9      | XOM: silly message
 24480 | D:9      | XOM: scenery: 1 doors open
 24700 | D:9      | XOM: give mutation
 24700 | D:9      | Lost mutation: You are agile. (Dex +4, Str/Int -1) [Xom's
                  | mischief]
 24829 | D:9      | XOM: summons 6 hostile demons
 24836 | D:9      | XOM: smoke on damage
 25023 | D:9      | XOM: give mutations
 25023 | D:9      | Gained mutation: You frequently scream uncontrollably at
                  | your foes. [Xom's mischief]
 25023 | D:9      | Lost mutation: Your body sometimes deteriorates upon taking
                  | damage. [Xom's mischief]
 25502 | D:10     | XOM: repel stairs
 25714 | D:10     | Noticed a soul eater
 25725 | D:10     | XOM: summons friendly shadow imp
 25739 | D:10     | XOM: repel stairs
 25760 | D:10     | XOM: potion effect (might)
 25768 | D:10     | XOM: silly message
 25955 | D:10     | Found a snail-covered altar of Cheibriados.
 25960 | D:10     | XOM: divination: detect items
 26293 | D:10     | XOM: potion effect (might)
 26370 | D:11     | Killed a manticore
 26539 | D:11     | Reached XP level 12. HP: 86/86 MP: 8/18
 26585 | D:11     | XOM: give mutations
 26585 | D:11     | Lost mutation: You are very dopey. (Int -4) [Xom's grace]
 26585 | D:11     | Gained mutation: You are very robust. (+20% HP) [Xom's
                  | grace]
 26585 | D:11     | Gained mutation: You passively dampen the noise of your
                  | surroundings. [Xom's grace]
 26585 | D:11     | Gained mutation: One of your tentacles bears a spike.
                  | [Xom's grace]
 26696 | D:11     | Reached skill level 6 in Shields
 26702 | D:11     | XOM is BORED!
 26702 | D:11     | XOM: noise
 26915 | D:11     | Noticed a boulder beetle
 26921 | D:11     | XOM: cleaving
 26923 | D:11     | XOM: butterfly on damage
 26931 | D:11     | XOM: god gift: +1 buckler of protection
 26933 | D:11     | Killed a boulder beetle
 26934 | D:11     | Reached skill level 7 in Shields
 27009 | D:11     | XOM: 10-stop teleportation journey
 27317 | D:11     | XOM: scenery: summon butterflies
 27507 | D:12     | Noticed Josephine
 27518 | D:12     | XOM: fog
 27520 | D:12     | Killed Josephine
 27521 | D:12     | Reached skill level 8 in Shields
 28072 | D:12     | Noticed Nessos
 28072 | D:12     | XOM: 9-stop teleportation journey
 28095 | D:12     | Killed Nessos
 28096 | D:12     | Reached skill level 9 in Shields
 28110 | D:12     | Gained mutation: You have a beak for a mouth. [hidden
                  | potential]
 28708 | D:12     | Found Itelacw's Armour Shop.
 28912 | D:12     | XOM: cloud trail
 29058 | D:12     | XOM: god gift: lightning rod (inert)
 29082 | D:13     | Noticed Maurice
 29276 | D:13     | XOM: silly message
 29395 | D:13     | XOM: noise
 29415 | D:13     | Reached skill level 10 in Shields
 29584 | D:12     | XOM: silly message
 29754 | D:13     | XOM: scenery: 2 doors close
 29755 | D:13     | XOM: confusion
 29763 | D:13     | XOM: stat loss: -1 Dex (14/16)
 29764 | D:13     | Killed Maurice
 29866 | D:13     | XOM: polymorph efreet -> hellwing
 29875 | D:13     | XOM: polymorph hellwing -> red devil
 29958 | D:13     | XOM: give mutations
 29958 | D:13     | Gained mutation: You are strong-willed. (Will+) [Xom's
                  | grace]
 29958 | D:13     | Gained mutation: Your flesh is very cold resistant. (rC++)
                  | [Xom's grace]
 29958 | D:13     | Gained mutation: You are highly strong-willed. (Will++)
                  | [Xom's grace]
 29969 | D:13     | Noticed a centaur warrior
 29978 | D:13     | Killed a centaur warrior
 29979 | D:13     | Found a glowing golden altar of the Shining One.
 30136 | D:13     | XOM: 3-stop teleportation journey
 30233 | D:13     | XOM: summons 2 friendly demons
 30242 | D:13     | Reached skill level 11 in Shields
 30244 | D:13     | XOM: polymorph crimson imp -> shadow imp
 30332 | D:13     | Noticed a centaur warrior
 30347 | D:13     | Killed a centaur warrior
 30630 | D:14     | XOM: butterfly on damage
 30701 | D:14     | XOM: 1-stop teleportation journey
 30832 | D:14     | Noticed a rakshasa
 30954 | D:14     | Reached XP level 13. HP: 99/99 MP: 13/19
 31000 | D:14     | Reached skill level 12 in Shields
 31075 | D:14     | XOM: summons 7 hostile demons
 31132 | D:14     | Killed a vault guard
 31304 | D:14     | Killed a rakshasa
 31492 | D:14     | XOM: summons friendly shadow imp
 31620 | D:14     | XOM: polymorph cyclops -> jumping spider
 31930 | D:14     | XOM: noise
 32113 | D:14     | Reached skill level 13 in Shields
 32525 | D:14     | Gained mutation: Your muscles are very strong. (Str +8,
                  | Int/Dex -2) [hidden potential]
 32525 | D:14     | Lost mutation: You have hidden genetic potential. [hidden
                  | potential expressed]
 32760 | D:14     | Noticed a vault guard
 32772 | D:14     | Noticed a vault guard
 32776 | D:14     | Killed a vault guard
 32788 | D:14     | Noticed a vault guard
 32798 | D:14     | XOM: chaos cloud
 32801 | D:14     | Killed a vault guard
 32949 | D:14     | Killed a vault guard
 32973 | D:14     | Found a gate to the Vaults.
 33058 | D:15     | Entered Level 15 of the Dungeon
 33078 | D:15     | Reached skill level 14 in Shields
 33150 | D:15     | XOM: polymorph two-headed ogre -> slime creature
 33229 | D:15     | XOM: fake destruction
 33318 | D:15     | Reached skill level 15 in Shields
 33319 | D:15     | XOM: enchant monster (good)
 33578 | D:15     | Noticed a rakshasa
 33583 | D:15     | XOM: divination: detect items
 33586 | D:15     | Killed a rakshasa
 33639 | D:15     | XOM: confuse monster(s)
 33642 | D:15     | Reached XP level 14. HP: 65/108 MP: 10/20
 33645 | D:15     | XOM: divination: detect items
 33661 | D:15     | XOM: 2-stop teleportation journey
 33931 | Orc:1    | Entered Level 1 of the Orcish Mines
 34059 | Orc:1    | XOM: cloud trail
 34196 | Orc:1    | Found Geneph's Jewellery Shoppe.
 34205 | Orc:1    | XOM: give mutations
 34205 | Orc:1    | Gained mutation: One of your tentacles bears a nasty spike.
                  | [Xom's grace]
 34205 | Orc:1    | Gained mutation: You are resistant to electric shocks.
                  | (rElec) [Xom's grace]
 34205 | Orc:1    | Gained mutation: Your spells are a little harder to cast,
                  | but a little more powerful. [Xom's grace]
 34205 | Orc:1    | Gained mutation: You are covered in fur. (AC +1) [Xom's
                  | grace]
 34206 | Orc:1    | Bought a +4 ring of protection for 468 gold pieces
 34206 | Orc:1    | Bought a +4 ring of protection for 468 gold pieces
 34303 | Orc:2    | Entered Level 2 of the Orcish Mines
 34467 | Orc:2    | Found Wesimysywn's General Store.
 34470 | Orc:2    | Found Zaphucigh's Distillery.
 34476 | Orc:2    | XOM: fog
 34490 | Orc:2    | Reached skill level 16 in Shields
 34503 | Orc:2    | XOM: cloud trail
 34586 | Orc:2    | XOM: give mutation
 34586 | Orc:2    | Lost mutation: You are dopey. (Int -2) [Xom's grace]
 34848 | Orc:2    | XOM: scenery: summon butterflies
 34932 | Orc:2    | XOM: confuse monster(s)
 35088 | Orc:2    | XOM: 3-stop teleportation journey
 35197 | Orc:2    | XOM: polymorph ice beast -> bullfrog
 35233 | Orc:2    | Found Acaug's Book Emporium.
 35233 | Orc:2    | Found Comumate's Antique Weapon Shoppe.
 35234 | Orc:2    | Found a one-way gate leading to the halls of Pandemonium.
 35352 | Orc:2    | XOM: swap monsters
 35471 | Orc:2    | Found a staircase to the Elven Halls.
 35528 | Orc:2    | XOM: silly message
 35960 | Temple   | Fell from the grace of Xom
 35960 | Temple   | Became a worshipper of Zin the Law-Giver
 35960 | Temple   | Reached * piety under Zin
 35961 | Temple   | Donated 181 gold pieces to Zin
 35968 | Temple   | Reached ** piety under Zin
 36262 | Lair:1   | XOM: noise
 36262 | Lair:1   | Entered Level 1 of the Lair of Beasts
 36584 | Lair:1   | Reached skill level 1 in Maces & Flails
 36904 | Lair:1   | XOM: give mutations
 37048 | Lair:1   | XOM: summons 1 hostile demon
 37185 | Lair:1   | XOM: give mutation
 37222 | Lair:1   | XOM: give mutations
 37222 | Lair:1   | Lost mutation: You are covered in fur. (AC +1) [Xom's
                  | mischief]
 37222 | Lair:1   | Lost mutation: You are highly strong-willed. (Will++)
                  | [Xom's mischief]
 37307 | Lair:1   | Donated 116 gold pieces to Zin
 37355 | Lair:1   | XOM: noise
 37821 | Lair:2   | Reached *** piety under Zin
 38275 | Lair:2   | Reached XP level 15. HP: 120/120 MP: 12/21
 38440 | Lair:2   | Reached skill level 5 in Maces & Flails
 38746 | Lair:2   | XOM: noise
 39007 | Lair:3   | XOM: enchant monster (bad)
 39075 | Lair:3   | XOM: noise
 39175 | Lair:3   | Reached skill level 1 in Summonings
 39243 | Lair:3   | Reached **** piety under Zin
 39291 | Lair:3   | XOM: silly message
 39623 | Lair:3   | XOM: noise
 39953 | Lair:3   | Found a hole to the Spider Nest.
 40342 | Lair:3   | Found a staircase to the Swamp.
 40559 | Lair:4   | Found a dark tunnel.
 40568 | Volcano  | Entered a volcano
 41013 | Volcano  | Reached ***** piety under Zin
 41083 | Lair:4   | Reached XP level 16. HP: 129/129 MP: 23/23
 41084 | Lair:4   | Reached XP level 17. HP: 135/135 MP: 24/24
 41093 | Lair:4   | Learned a level 7 spell: Summon Hydra
 41105 | Lair:4   | XOM: god gift: 52 gold pieces
 41410 | Lair:4   | Found a viscous altar of Jiyva.
 41411 | Lair:4   | Found a staircase to the Slime Pits.
 41604 | Lair:4   | XOM: give mutations
 41604 | Lair:4   | Lost mutation: Your system is resistant to poisons. (rPois)
                  | [Xom's mischief]
 41620 | Lair:4   | XOM: give mutations
 41826 | Lair:4   | Reached skill level 5 in Conjurations
 42253 | Lair:5   | Entered Level 5 of the Lair of Beasts
 42509 | Lair:5   | XOM: polymorph ice beast -> hog
 42665 | Lair:5   | XOM: give mutations
 42665 | Lair:5   | Lost mutation: Your spells are a little harder to cast, but
                  | a little more powerful. [Xom's mischief]
 42797 | Lair:5   | Reached skill level 10 in Dodging
 42843 | Lair:5   | XOM: 1-stop teleportation journey
 42886 | Lair:5   | XOM: summons 2 hostile shadow creatures
 43416 | Lair:5   | XOM: give mutations
 43440 | Lair:5   | XOM: give mutations
 43984 | Lair:5   | Reached XP level 18. HP: 144/144 MP: 23/27
 44657 | Orc:1    | Bought the ring of Life {rElec rN+ Int+8 SInv Stlth-} for
                  | 631 gold pieces
 44717 | Elf:1    | Entered Level 1 of the Elven Halls
 44826 | Elf:1    | Found Azeaxuhi's Overcharged Wands.
 44900 | Elf:1    | Found a portal to a secret trove of treasure.
 44941 | Elf:1    | Reached skill level 10 in Fighting
 45164 | Elf:1    | Noticed Azrael
 45180 | Elf:1    | Killed Azrael
 45257 | Elf:1    | Reached skill level 10 in Summonings
 45262 | Elf:1    | Reached skill level 5 in Spellcasting
 45484 | Elf:1    | Reached ****** piety under Zin
 45490 | Elf:1    | Got the Grimoire of Called Bruises
 45523 | Elf:1    | Learned a level 4 spell: Summon Lightning Spire
 45982 | Elf:1    | Found Gyukox's General Store.
 46525 | Elf:1    | XOM: god gift: +4 flail of chaos
 47258 | Elf:2    | Slain by a +5 antimagic double sword

Illustrated notes

Levels and vault maps discovered:
D:1:      psy_arrival_radial02, layout_basic,
          shapermc_ecumenical_altar_acropolis,
          nicolae_concentric_dashed_squares_mild, corner_web_ring
D:2:      layout_loops_corners, nicolae_nh_oracle_at_delphi
D:3:      kennysheep_goblin_castle, layout_basic,
          grunt_temple_overflow_holy_war, serial_shops,
          nicolae_shop_bloodbath_and_beyond
D:4:      layout_loops_corners, nicolae_dithmenos_through_a_glass_darkly,
          uniq_grinder
D:5:      layout_rooms, mainiacjoe_overflow_24_doors, okawaru_ov_weapons_minmay,
          fedhas_altar_4, nicolae_ru_sacrificial_ziggurat,
          nicolae_elyvilon_peaceful_grove
D:6:      cheibrodos_iron_armory, layout_layer_cave, kennysheep_mini_moat,
          minmay_temple_entry_wispy, nicolae_shop_gadgets
D:7:      layout_loops_ring, trog_ov_bears_minmay, grunt_gozag_breadcrumbs,
          nemelex_dance_club_becter, minmay_misc_feat_secret_circle,
          minmay_misc_feat_doors, dreamdust_mushroom_princess
D:8:      layout_cave_pools, lightli_ossuary_entry_decrepit_ruins,
          minmay_misc_feat_nine_boxes, uniq_gastronok
D:9:      layout_irregular_city, demons_altar, dpeg_oklobed_lair, orc_0_dummy,
          minmay_mirror_moons_of_madness, uniq_psyche
D:10:     layout_roguey, lemuel_round_altar, mainiacjoe_overflow_brackets,
          mainiacjoe_overflow_catwalk
D:11:     layout_long_grid
D:12:     layout_stronghold, serial_shops, nicolae_shop_hallway_stairs,
          minmay_misc_feat_tiny, uniq_josephine, uniq_nessos
D:13:     layout_roguey, nicolae_tso_carved_into_rock, uniq_maurice
D:14:     layout_long_grid, ximxim_vaults_locker_room, minmay_crystal_water,
          minmay_fire_ice_demons
D:15:     grunt_enter_depths_hoard, layout_basic, interstate_on_off,
          minmay_misc_feat_more_columns, zin_scriptorium
Temple:   corrupted_temple
Lair:1:   layout_roguey, nicolae_quartered_pool_super, grunt_megastairs_3
Lair:2:   layout_misc_corridors
Lair:3:   layout_loops_ring, palyth_hydra_swamp_entry,
          hellmonk_spider_entry_not_the_bees
Lair:4:   layout_regular_city, slime_entry_1, enter_volcano_1
Lair:5:   hangedman_lair_tendril_chambers, layout_big_grid,
          infiniplex_staircase_pool
Orc:1:    layout_caves, serial_shops, nicolae_shop_stone,
          nicolae_orc_crystal_geode
Orc:2:    pf_orc_diabolical, layout_caves
Elf:1:    layout_loops_cross, nicolae_trove_entry_crystal, serial_shops,
          nicolae_shop_hallway_plus, minmay_elf_sorcery,
          nicolae_shop_overcharged_wands, lemuel_upstairs_altar, uniq_azrael
Elf:2:    nicolae_elf_blades_crystal_corner, layout_loops_cross,
          minmay_misc_feat_rows

Skill      XL: |  1  2  3  4  5  6  7  8  9 10 11 12 13 14 15 16 17 18 |
---------------+-------------------------------------------------------+-----
Fighting       | 3 4 6 8 9 10 | 10.6
Dodging        | 4 5 6 9 10 | 10.8
Conjurations   | 3 4 5 6 |  6.0
Ice Magic      | 4 7 10 12 | 12.0
Air Magic      | 3 5 7 8 9 |  9.0
Shields        | 4 5 11 15 16 | 16.3
Spellcasting   | 3 4 5 |  5.0
Maces & Flails | 4 6 8 9 |  9.7
Summonings     | 6 8 9 11 | 11.0
Stealth        | |  1.3
Evocations     | |  3.2

Action                     |  1- 3 |  4- 6 |  7- 9 | 10-12 | 13-15 | 16-18 || total
---------------------------+-------+-------+-------+-------+-------+-------++-------
  Melee: Unarmed           |    33 |    57 |    54 |       |       |       ||   144
         Constrict         |     8 |    15 |    50 |    55 |   106 |    91 ||   325
         Tentacles         |     9 |    11 |    54 |    73 |   144 |   133 ||   424
         Punch             |       |     1 |     6 |     5 |     4 |     2 ||    18
         Trident           |       |       |   229 |   449 |   308 |       ||   986
         Kick              |       |       |       |    49 |   237 |   204 ||   490
         Peck              |       |       |       |    33 |   150 |   131 ||   314
         Morningstar       |       |       |       |       |   260 |   416 ||   676
  Throw: Dart              |       |     3 |       |     3 |       |       ||     6
   Cast: Freezing Cloud    |       |       |       |    16 |    55 |    38 ||   109
         Summon Ice Beast  |       |       |       |    14 |    33 |    18 ||    65
         Frozen Ramparts   |       |       |       |     1 |     1 |       ||     2
         Summon Lightning  |       |       |       |       |       |     3 ||     3
 Invoke: Donate Gold       |       |       |       |       |     2 |       ||     2
         Imprison          |       |       |       |       |       |     1 ||     1
  Evoke: Wand              |     5 |    12 |    21 |    20 |     3 |     3 ||    64
         Lightning rod     |       |       |       |     4 |     6 |       ||    10
    Use: Scroll            |       |     5 |     6 |    17 |    13 |     3 ||    44
         Potion            |       |     3 |     2 |     4 |     4 |     7 ||    20
   Stab: Sleeping          |     4 |     3 |    29 |     5 |     6 |     7 ||    54
         Distracted        |       |       |       |     4 |     6 |     3 ||    13
 Armour: Skin              |     7 |     1 |    14 |    49 |    81 |    64 ||   216
  Dodge: Dodged            |    22 |    46 |   135 |   297 |   264 |   159 ||   923
  Block: Other             |       |       |    14 |       |       |       ||    14
         Buckler           |       |       |    44 |   107 |       |       ||   151
         Reflection        |       |       |     4 |    34 |     8 |    14 ||    60
         Kite shield       |       |       |       |   280 |   605 |   460 ||  1345

Table legend: (Time is in decaauts)
 A = Elapsed time spent in this place.
 B = Non-inter-level travel time spent in this place.
 C = Inter-level travel time spent in this place.
 D = Time resting spent in this place.
 E = Time spent auto-exploring this place.
 F = Levels seen in this place.
 G = Mean time per level.
                   A        B        C        D        E       F      G
               +--------+--------+--------+--------+--------+-----+--------+
         Total |  47811 |  45890 |   1921 |  17516 |  22449 |  27 | 1770.8 |
       Dungeon |  34412 |  33074 |   1338 |  16846 |  12893 |  15 | 2294.1 |
        Temple |     75 |     50 |     25 |      0 |     16 |   1 |   75.0 |
          Lair |   7730 |   7445 |    285 |    244 |   5967 |   5 | 1546.0 |
  Orcish Mines |   2074 |   1898 |    176 |     20 |   1393 |   2 | 1037.0 |
   Elven Halls |   2566 |   2470 |     96 |    234 |   1736 |   2 | 1283.0 |
       Ossuary |    442 |    442 |      0 |      0 |    264 |   1 |  442.0 |
       Volcano |    510 |    510 |      0 |    172 |    180 |   1 |  510.0 |
               +--------+--------+--------+--------+--------+-----+--------+

Top non-repeatable levels by time:
     D:9: 16430 daAuts
    D:14: 2913 daAuts
     D:6: 2449 daAuts
  Lair:5: 2323 daAuts
    D:12: 1930 daAuts
   Elf:1: 1768 daAuts
  Lair:3: 1685 daAuts
   Orc:2: 1629 daAuts
    D:13: 1429 daAuts
    D:11: 1390 daAuts
  Lair:1: 1355 daAuts
  Lair:4: 1252 daAuts
     D:7: 1140 daAuts
     D:8: 1132 daAuts
  Lair:2: 1113 daAuts
